AoeStats
← groger

Golden Pit

509235412Analyzed
1v1 RM · 7d ago on Sep 26, 2026· 52m 33s· 2 players
Game mode
Random Map
Map size
Tiny (2 player)
Population
200
Speed
Normal
Resources
Standard
Victory
Conquest
Starting age
Dark Age
Ending age
Imperial Age
RankedLock teamsTeams togetherTeam positionsShared explorationLock speedFull tech treeHidden civsTurbo modeCheats
Victory
Defeat
496
+17
🇺🇸 Bulgarians · United States
390
-11
groger
10:58 Feudal Age
14:00 Horse Collar
19:48 Castle Age
18:54 Fletching
21:15 Pikeman
29:34 Wheelbarrow
35:04 Scale Mail Armor
37:57 Loom
41:53 Forging
46:20 Bodkin Arrow
a mi tambien ME BANEARON EN EL L
0:56 Loom
10:30 Feudal Age
15:40 Double-Bit Axe
16:35 Wheelbarrow
22:09 Horse Collar
23:38 Scale Barding Armor
23:43 Forging
25:46 Castle Age
24:24 Gold Mining
26:07 Crossbowman
34:15 Chain Barding Armor
34:31 Iron Casting
33:46 Fletching
34:11 Thumb Ring
34:21 Bloodlines
34:11 Husbandry
35:38 Ballistics
37:45 Bow Saw
37:37 Heavy Plow
38:05 Bodkin Arrow
38:11 Padded Archer Armor
38:19 Murder Holes
42:00 Imperial Age
45:46 Arbalester
47:05 Cavalier
53:04 Blast Furnace
52:40 Plate Barding Armor
52:05 Bracer
52:20 Leather Archer Armor
Connection lost

Rejoining the realm…

Still unreachable

The connection could not be restored.

Session expired

The server has moved on; the page needs a fresh start.